 Dungeon Crawl Stone Soup version 0.18.1-50-g88ac8fd (webtiles) character file.

7 ololoev the Skirmisher (level 1, 1/18 HPs)
             Began as a Demonspawn Berserker on Oct 28, 2016.
             Was a Follower of Trog.
             Quit the game on level 1 of the Dungeon.
             The game lasted 00:00:37 (121 turns).

ololoev the Skirmisher (Demonspawn Berserker)        Turns: 121, Time: 00:00:38

Health: 1/18       AC:  2    Str: 17    XL:     1   Next: 91%
Magic:  1/1        EV: 12    Int:  8    God:    Trog [*.....]
Gold:   3          SH:  0    Dex: 12    Spells: 0 memorised, 0 levels left

rFire  . . .     SeeInvis .     a - +0 hand axe
rCold  . . .     Gourm    .     b - +0 animal skin
rNeg   . . .     Faith    .     (no shield)
rPois  .         Spirit   .     (no helmet)
rElec  .         Dismiss  .     (no cloak)
rCorr  .         Reflect  .     (no gloves)
SustAt .         Harm     .     (no boots)
MR     .....                    (no amulet)
Stlth  +.........               (no ring)
                                (no ring)

@: exhausted, slowed, very slow, not resistant to hostile enchantments, very
unstealthy
A: no striking features
a: Berserk, Burn Spellbooks, Renounce Religion

Inventory:

Hand Weapons
 a - a +0 hand axe (weapon)
Armour
 b - a +0 animal skin (worn)
Scrolls
 d - 2 scrolls of enchant weapon {unknown}
 e - a scroll of identify {unknown}
Comestibles
 c - a bread ration


   Skills:
 + Level 3.2 Fighting
 * Level 3.0 Axes
 + Level 1.7 Armour
 - Level 1.7 Dodging


You couldn't memorise any spells.
You didn't know any spells.


You were on level 1 of the Dungeon.
You worshipped Trog.
Trog was aware of your devotion.
You were not hungry.

You visited 1 branch of the dungeon, and saw 2 of its levels.

You collected 3 gold pieces.

...................).)#
......................'
......................# ..
.....................+ ...
........>.........####
.... ####.............# .
....###...............# ..
......................#...
.........@.##.........#
...#....KrK##.........#
...........##...........
...........##............
......).#............#...
........#............#...
........#............#
....##.......... ...#
#..........

Notes
Turn   | Place    | Note
--------------------------------------------------------------
     0 | D:1      | ololoev the Demonspawn Berserker began the quest for the Orb.
     0 | D:1      | Reached XP level 1. HP: 18/18 MP: 1/1
   121 | D:1      | Quit the game

Dungeon Overview and Level Annotations

Branches:
Dungeon (2/15)

Altars:


Message History

A kobold comes into view. It is wielding a club.
You are too injured to fight recklessly!
You are too injured to fight recklessly!
You are too injured to fight recklessly!
You are too injured to fight recklessly!
You are too injured to fight recklessly!
You are too injured to fight recklessly!
You are too injured to fight recklessly!
Use which ability? (? or * to list)
A red film seems to cover your vision as you go berserk!
You feel yourself moving faster!
You feel mighty!
You feel somewhat more hungry.
The kobold shouts!
The hobgoblin hits you with a club.
You slash the hobgoblin!
You kill the hobgoblin!
Trog accepts your kill.
You slash the giant newt!
You kill the giant newt!
Trog accepts your kill.
Things that are here:
a club; a hobgoblin corpse You feel a strong urge to attack something.
Found a scroll labeled QUOLEA IDUFEFF.
You slash the kobold!
You feel the power of Trog in you as your rage grows.
You kill the kobold!
Trog accepts your kill.
Your Axes skill increases to level 3!
e - a scroll labeled XOMIEPH TIJUYPT You see here a club.
You feel a strong urge to attack something.
You feel your anger subside.
You are no longer berserk.
You are exhausted.
You feel yourself slow down.
Found a stone staircase leading down.
d - 2 scrolls labeled QUOLEA IDUFEFF (gained 1)
There is a stone staircase leading down here.
You climb downwards.
A giant cockroach comes into view.
Found 8 gold pieces and 29 stones.
There is a stone staircase leading up here.
You climb upwards.
There is a stone staircase leading down here.
Found a hand axe.
A kobold comes into view.
A kobold is nearby!
You are too injured to fight recklessly!
You are too injured to fight recklessly!
The kobold shouts!
The kobold hits you but does no damage.
A rat and a kobold come into view.
You barely miss the kobold. The kobold barely misses you. The kobold hits you.
You closely miss the kobold.
The kobold shouts!
The kobold hits you but does no damage. The kobold closely misses you.
You closely miss the kobold. The kobold closely misses you.
You closely miss the kobold. You barely miss the kobold.
The kobold closely misses you. x2; The kobold hits you.
The kobold completely misses you.
You closely miss the kobold. You hit the rat.
The rat is heavily wounded.
You hit the kobold but do no damage. The kobold barely misses you.
The rat bites you but does no damage. The kobold completely misses you.
The kobold hits you but does no damage. The rat misses you.
The kobold hits you but does no damage.
You closely miss the kobold. You barely miss the kobold.
You hit the rat but do no damage.
The rat is heavily wounded.
The kobold closely misses you. The rat bites you but does no damage.
The kobold hits you but does no damage.
You hit the kobold.
The kobold is moderately wounded.
You barely miss the kobold. You barely miss the rat.
The rat is heavily wounded.
The kobold hits you but does no damage. The rat bites you.
The kobold completely misses you. The rat misses you.
The kobold hits you but does no damage. The kobold closely misses you.
The kobold misses you. The rat completely misses you.
Are you sure you want to abandon this character and quit the game? (Confirm with "yes".)

You could see 2 kobolds and a rat.

Vanquished Creatures
  A goblin (D:1)
  A hobgoblin (D:1)
  2 kobolds (D:1)
  2 bats (D:1)
  A giant newt (D:1)
7 creatures vanquished.

Action                   || total
-------------------------++-------
Melee: Hand axe          ||    27
Invok: Berserk           ||     1
Armor: Animal skin       ||    16
Dodge: Dodged            ||    37

Vault maps used:
D:1:      minmay_arrival_plants_in_alcoves, minmay_tree_intersection
D:2:      grunt_temple_overflow_opulence, okawaru_altar_gauntlet_db, tgw_trog,
          uniq_crazy_yiuf_cottage
